 Dungeon Crawl Stone Soup version 0.28-a0-1404-g4df0f3684d (webtiles) character file.

Game seed: 12264296976483766408

34 southernslant the Poker (level 3, 0/28 HPs)
             Began as a Demonspawn Gladiator on Jan 6, 2022.
             Slain by a quokka (4 damage)
             ... on level 2 of the Dungeon.
             The game lasted 00:01:59 (635 turns).

southernslant the Poker (Demonspawn Gladiator)       Turns: 635, Time: 00:02:00

Health: 0/28       AC:  4    Str: 16    XL:     3   Next: 14%
Magic:  3/3        EV: 12    Int:  9    God:
Gold:   42         SH:  0    Dex: 14    Spells: 2/2 levels left

rFire   . . .      SeeInvis .   a - +0 trident
rCold   . . .      Faith    .   (no shield)
rNeg    . . .      Spirit   .   b - +0 leather armour
rPois   .          Reflect  .   c - +0 helmet
rElec   .          Harm     .   (no cloak)
rCorr   .          Rampage  .   (no gloves)
Will    .....                   (no boots)
Stlth   +.........              (no amulet)
HPRegen 1.09/turn               (no ring)
MPRegen 0.08/turn               (no ring)

@: no status effects
A: powered by death 2
a: no special abilities


You were on level 2 of the Dungeon.
You visited 1 branch of the dungeon, and saw 2 of its levels.

You collected 42 gold pieces.

Inventory:

Hand Weapons
 a - a +0 trident (weapon)
Missiles
 d - 4 throwing nets
 i - 36 poisoned darts (quivered)
 k - 20 stones
Armour
 b - a +0 leather armour (worn)
 c - a +0 helmet (worn)
Scrolls
 f - a scroll of amnesia {unknown}
 g - a scroll of identify {unknown}
 l - a scroll of magic mapping {unknown}
Potions
 e - a potion of ambrosia {unknown}
 h - a potion of curing {unknown}
 j - a potion of heal wounds {unknown}


   Skills:
 * Level 2.6 Fighting
 + Level 2.9 Polearms
 + Level 2.1 Throwing
 * Level 1.0 Armour
 + Level 2.8 Dodging


You had 2 spell levels left.
You didn't know any spells.
Your spell library was empty.

Dungeon Overview and Level Annotations

Branches:
Dungeon (2/15)

Altars:

Annotations:
D:2 Robin


Innate Abilities, Weirdness & Mutations

You regenerate health from kills.


Message History

Robin of the Strong Arm comes into view.
They are wielding a +1 vorpal spear.
A hobgoblin comes into view.
The goblin shouts!
The hobgoblin shouts!
You hit the goblin.
The goblin is heavily wounded.
The goblin hits you but does no damage.
You barely miss the goblin.
The goblin is heavily wounded.
A goblin comes into view. It is wielding a +0 dagger.
The quokka closely misses you. Robin throws the goblin at you!
The goblin shouts!
You puncture the goblin!
You kill the goblin!
The goblin hits you but does no damage. The quokka bites you.
The goblin barely misses you. The goblin barely misses you.
Items here: $ ) [ †.
You hit the goblin but do no damage.
The quokka bites you but does no damage.
The goblin closely misses you. The goblin hits you with a +0 club.
The goblin closely misses you.
Robin roars a battlecry!
The goblins go into a battle-frenzy!
The hobgoblin hits you. The quokka misses you.
You barely miss the goblin. The goblin hits you with a +0 dagger.
The goblin hits you with a +0 club.
A rat comes into view.
The goblin hits you with a +0 dagger. The quokka bites you.
The hobgoblin closely misses you.
You puncture the goblin!
You kill the goblin!
The goblin hits you but does no damage. The goblin hits you with a +0 club.
The quokka bites you. The hobgoblin hits you. The goblin closely misses you.
The goblin barely misses you.
Things that are here:
a +0 dagger; a goblin corpse You barely miss the hobgoblin.
The quokka bites you. The hobgoblin hits you.
* * * LOW HITPOINT WARNING * * *
The goblin misses you. The quokka bites you.
You die...

...##. .... .... ..#. ....
..... ... ..... #..
......#.# .....g#g##+##
...rggg@#...# .....g#r#...#
## ..#..#
##.....gSg...###.... .....#
g##.................. .....#
g##...........#######
.....#.. ##.#..##....#####
.....#. ##.#..##........#
.................<..####....
.....##.###.........# P#


You could see a quokka, 4 hobgoblins, 4 goblins, a ball python and a rat.

Vanquished Creatures
  A dart slug (D:1)
  4 ball pythons (D:1)
  4 bats (D:1)
  3 endoplasms (D:1)
  3 giant cockroaches (D:1)
  5 kobolds
  A frilled lizard (D:1)
  5 goblins
  3 rats (D:1)
29 creatures vanquished.

Notes
Turn   | Place    | Note
-------+----------+-------------------------------------------
     0 | D:1      | southernslant the Demonspawn Gladiator began the quest for
                  | the Orb.
     0 | D:1      | Reached XP level 1. HP: 16/16 MP: 1/1
   118 | D:1      | Gained mutation: You regenerate a little health from kills.
                  | [demonic ancestry]
   118 | D:1      | Reached XP level 2. HP: 17/22 MP: 2/2
   509 | D:1      | Reached skill level 1 in Armour
   528 | D:1      | Gained mutation: You regenerate health from kills. [demonic
                  | ancestry]
   528 | D:1      | Reached XP level 3. HP: 28/28 MP: 3/3
   555 | D:1      | You fall into a shaft and drop 1 floor!
   626 | D:2      | Noticed Robin
   635 | D:2      | Slain by a quokka

Illustrated notes

Levels and vault maps discovered:
D:1:      minmay_arrival_glassed_features, layout_basic, nrook_uturn
D:2:      layout_basic, basic_altar, shapermc_ecumenical_altar_rom_forum,
          uniq_robin

Skill      XL: |  1  2 |
---------------+-------+-----
Throwing       | 2 |  2.1
Armour         | 1 |  1.0
Fighting       | |  2.6
Polearms       | |  2.9
Dodging        | |  2.8

Action                   || total
-------------------------++-------
Melee: Trident           ||    92
 Stab: Sleeping          ||     1
Armor: Leather armour    ||    32
Dodge: Dodged            ||    71

Table legend: (Time is in decaauts)
 A = Elapsed time spent in this place.
 B = Non-inter-level travel time spent in this place.
 C = Inter-level travel time spent in this place.
 D = Time resting spent in this place.
 E = Time spent auto-exploring this place.
 F = Levels seen in this place.
 G = Mean time per level.
                   A        B        C        D        E       F      G
               +--------+--------+--------+--------+--------+-----+--------+
         Total |    650 |    650 |      0 |      0 |    431 |   2 |  325.0 |
       Dungeon |    650 |    650 |      0 |      0 |    431 |   2 |  325.0 |
               +--------+--------+--------+--------+--------+-----+--------+

Top non-repeatable levels by time:
     D:1: 568 daAuts
     D:2: 81 daAuts
